 Dungeon Crawl Stone Soup version 0.31-a0-986-g5e6e4ef867 (webtiles) character file.

Game seed: 11819691801706015988

329 wildpjah the Slasher (level 6, -10/50 HPs)
             Began as a Merfolk Monk on Nov 18, 2023.
             Was a Believer of Dithmenos.
             Mangled by an ogre
             ... wielding a +0 giant spiked club
              (34 damage)
             ... on level 4 of the Dungeon.
             The game lasted 00:05:41 (2577 turns).

wildpjah the Slasher (Merfolk Monk)                 Turns: 2577, Time: 00:05:42

Health: -10/50     AC:  3    Str: 12    XL:     6   Next: 50%
Magic:  6/6        EV: 14    Int:  9    God:    Dithmenos [**....]
Gold:   246        SH:  0    Dex: 18    Spells: 5/5 levels left

rFire   . . .        a - +0 falchion
rCold   . . .        (no shield)
rNeg    . . .        e - +0 leather armour
rPois   .            (no helmet)
rElec   .            (no cloak)
rCorr   .            (no gloves)
SInv    .            (no boots)
Will    .....        n - amulet of the acrobat
Stlth   ++           f - ring of wizardry
HPRegen 0.28/turn    (no ring)
MPRegen 0.10/turn

%: acrobat, wizardry (x1)
@: wreathed by umbra
A: (nimble swimmer 2), mertail
a: Renounce Religion, Shadow Step


You were on level 4 of the Dungeon.
You worshipped Dithmenos.
Dithmenos was pleased with you.
You visited 2 branches of the dungeon, and saw 5 of its levels.

You collected 246 gold pieces.

Inventory:

Hand Weapons
 a - a +0 falchion (weapon)
Armour
 b - a +0 robe
 e - a +0 leather armour (worn)
Jewellery
 f - a ring of wizardry (left hand)
 n - an amulet of the acrobat (around neck)
Scrolls
 g - 2 scrolls of blinking {unknown}
 h - a scroll of vulnerability {unknown}
 i - 4 scrolls of identify {unknown}
 j - a scroll of acquirement {unknown}
 k - 2 scrolls of immolation {unknown}
 q - 2 scrolls of amnesia {unknown}
 r - 3 scrolls of teleportation {unknown}
 s - a scroll of enchant weapon {unknown}
 u - a scroll of torment {unknown}
 v - a scroll of revelation {unknown}
Potions
 c - a potion of ambrosia
 l - 2 potions of lignification {unknown}
 m - 3 potions of degeneration {unknown}
 o - a potion of curing {unknown}
 p - a potion of heal wounds {unknown}
 t - a potion of haste {unknown}


   Skills:
 + Level 4.8 Fighting
 + Level 5.6 Long Blades
 * Level 1.8 Armour
 + Level 5.5 Dodging
 + Level 0.5 Stealth


You had 5 spell levels left.
You didn't know any spells.
Your spell library contained the following spells:

 Spells                   Type           Power      Damage    Failure   Level
 Frozen Ramparts          Ice            0%         1d1       50%         3
 Petrify                  Tmut/Erth      0%         N/A       87%         4
 Metabolic Englaciation   Hex/Ice        0%         N/A       99%         5


Dungeon Overview and Level Annotations

Branches:
Dungeon (4/15)             Temple (1/1) D:4

Altars:
Ashenzari
Cheibriados
Dithmenos
Fedhas
Gozag
Hepliaklqana
Kikubaaqudgha
Okawaru
Qazlal
Ru
Sif Muna
Trog
Vehumet
Wu Jian
Yredelemnul
Zin
The Shining One

Shops:
D:3 *

Annotations:
D:3 3 runed translucent doors, timneilson's ghost, amateur OpSh


Innate Abilities, Weirdness & Mutations

((You are very nimble when in or above water. (Stealth+, EV+, Speed+++)))
Your lower body shifts to a powerful aquatic tail in water.


Message History

The hobgoblin misses you.
You barely miss the hobgoblin.
The hobgoblin is severely wounded.
The hobgoblin closely misses you.
You hit the hobgoblin but do no damage.
The hobgoblin is severely wounded.
The hobgoblin closely misses you.
You slash the hobgoblin!
You kill the hobgoblin!
Dithmenos accepts your kill.
Found a stone staircase leading down.
r - 3 scrolls labelled RUZEONGE BUDU (gained 1)
A hobgoblin is nearby!
No target in view!
No target in view!
No target in view!
The hobgoblin shouts!
The hobgoblin throws a stone.
The stone completely misses you. The hobgoblin completely misses you.
You hit the hobgoblin but do no damage.
The hobgoblin hits you but does no damage.
You hit the hobgoblin but do no damage. The hobgoblin barely misses you.
You closely miss the hobgoblin. The hobgoblin barely misses you.
You hit the hobgoblin.
You kill the hobgoblin!
Dithmenos accepts your kill.
You hit the ogre but do no damage.
The ogre hits you with a +0 giant spiked club!!
Ouch! That really hurt!
You are too injured to fight recklessly!
Okay, then.
Unknown command.
You barely miss the ogre. The ogre barely misses you.
You hit the ogre.
The ogre is lightly wounded.
You slash the ogre!
The ogre is heavily wounded.
The ogre hits you with a +0 giant spiked club!!
Ouch! That really hurt!
You die...

# ###.......# #############
#.#.##.....## #........>..#
#.#.#.......# ##...........# ###
...#.......## #............#
...###..........# #.>..........#
##......#...<.#.####............#
###.....................#.####
####.>..........(##..#####.#.#
................@##.## #.#.#
#####..####.....O.#.######.#.# .
#..# #........[.......#.#
..###..####.....##.#.........#
#.......#.......##.#.....###.#
.##...#.#.##....##.##.##.# #.#
................##....##.# #.#
............###..........###.#
#............#............#..#


You could see an ogre.

Vanquished Creatures
  Sigmund (D:3)
  A scorpion (D:4)
  An orc wizard (D:3)
  An adder (D:4)
  A worm (D:2)
  7 orcs
  10 bats
  5 endoplasms
  4 giant cockroaches
  6 goblins
  6 hobgoblins
  3 jackals (D:3)
  4 quokkas
  3 ball pythons
  4 frilled lizards
  5 kobolds
  2 rats (D:1)
64 creatures vanquished.

Notes
Turn   | Place    | Note
-------+----------+-------------------------------------------
     0 | D:1      | wildpjah the Merfolk Monk began the quest for the Orb.
     0 | D:1      | Reached XP level 1. HP: 18/18 MP: 1/1
   156 | D:1      | Reached XP level 2. HP: 24/24 MP: 2/2
   635 | D:2      | Reached XP level 3. HP: 30/30 MP: 3/3
  1203 | D:3      | Found an opulent altar of Gozag.
  1213 | D:3      | Found Gozag's Platinum Reserve.
  1282 | D:3      | Found an ornate altar of the Wu Jian Council.
  1293 | D:3      | Noticed Sigmund
  1304 | D:3      | Killed Sigmund
  1305 | D:3      | Reached skill level 5 in Long Blades
  1305 | D:3      | Reached skill level 1 in Armour
  1305 | D:3      | Reached skill level 5 in Dodging
  1305 | D:3      | Reached XP level 4. HP: 32/38 MP: 4/4
  1305 | D:3      | Reached XP level 5. HP: 37/43 MP: 5/5
  1638 | D:3      | Noticed a kobold brigand
  1642 | D:3      | Found a runed translucent gate.
  1642 | D:3      | Noticed timneilson's ghost (amateur OpSh)
  1643 | D:3      | Found a runed translucent gate.
  1644 | D:3      | Found a runed translucent gate.
  1728 | D:3      | Found a faded altar of an unknown god.
  1902 | D:3      | Reached XP level 6. HP: 24/49 MP: 6/6
  2025 | D:3      | Found a basalt altar of Yredelemnul.
  2252 | D:4      | Found a staircase to the Ecumenical Temple.
  2264 | Temple   | Entered the Ecumenical Temple
  2287 | Temple   | Became a worshipper of Dithmenos the Shadowed
  2287 | Temple   | Reached * piety under Dithmenos
  2287 | Temple   | Reached ** piety under Dithmenos
  2577 | D:4      | Mangled by an ogre

Illustrated notes

Levels and vault maps discovered:
D:1:      sevenhm_arrival_forest_fort_large_4, layout_rooms, bh_walls_and_bars
D:2:      layout_loops_cross
D:3:      layout_loops_ring, marbit_many_paths, nicolae_gozag_zags_fifth_avenue,
          mainiacjoe_overflow_catwalk,
          shapermc_ecumenical_altar_mp_urbaneastern,
          gammafunk_ghost_nasty_kobolds, minmay_stone_trees_medium,
          minmay_misc_feat_ornament, uniq_sigmund
D:4:      layout_rooms, minmay_temple_entry_wispy,
          chequers_serial_rivers_large_b, kennysheep_generic_room_7
Temple:   nicolae_temple_superstar

Skill      XL: |  1  2  3 |
---------------+----------+-----
Long Blades    | 4 5 |  5.6
Fighting       | 4 |  4.8
Armour         | 1 |  1.8
Dodging        | 5 |  5.5
Stealth        | |  0.5

Action                     |  1- 3 |  4- 6 || total
---------------------------+-------+-------++-------
  Melee: Falchion          |    69 |   141 ||   210
         Tailslap          |       |     2 ||     2
 Armour: Leather armour    |    22 |    42 ||    64
  Dodge: Dodged            |    55 |   125 ||   180

Table legend: (Time is in decaauts)
 A = Elapsed time spent in this place.
 B = Non-inter-level travel time spent in this place.
 C = Inter-level travel time spent in this place.
 D = Time resting spent in this place.
 E = Time spent auto-exploring this place.
 F = Levels seen in this place.
 G = Mean time per level.
                   A        B        C        D        E       F      G
               +--------+--------+--------+--------+--------+-----+--------+
         Total |   2584 |   2480 |    104 |      0 |   1931 |   5 |  516.8 |
       Dungeon |   2539 |   2471 |     68 |      0 |   1931 |   4 |  634.8 |
        Temple |     44 |      8 |     36 |      0 |      0 |   1 |   44.0 |
               +--------+--------+--------+--------+--------+-----+--------+

Top non-repeatable levels by time:
     D:3: 1062 daAuts
     D:1: 618 daAuts
     D:2: 589 daAuts
     D:4: 268 daAuts
  Temple: 44 daAuts
